[Event "Satka Autumn 2018"]
[Site "Satka"]
[Date "2018.09.19"]
[Round "9"]
[White "Sosnina, Ekaterina"]
[Black "Mikheeva, Galina"]
[Result "1-0"]
[ECO "C61"]
[WhiteElo "1955"]
[BlackElo "1767"]
[Annotator "NA RC"]
[PlyCount "141"]
[EventDate "2018.09.11"]
[EventType "swiss"]
[EventCountry "RUS"]
[SourceTitle "playchess.com"]
[Source "ChessBase"]
[SourceQuality "1"]
[TimeControl "40/5400+30:1800+30"]

1. e4 e5 2. Nf3 Nc6 3. Bb5 Nd4 4. Nxd4 exd4 5. O-O Bc5 6. Bc4 h5 {[%emt 0:00:18] C61: Ruy Lopez: Bird's Defence} (6... Qh4 7. d3 Ne7 8. Nd2 O-O 9. c3 d5 10. exd5 Bg4 11. Nf3 Qh5 12. h3 Bxf3 13. Qxf3 Qxf3 14. gxf3 {½-½ (53) Sutovsky,E (2642)-Rapport,R (2693) Ashdod 2015}) 7. d3 c6 {[%emt 0:00:20] LiveBook: 17 Games} 8. c3 Ne7 9. Re1 (9. Nd2 $16) 9... d5 $146 ({Predecessor:} 9... d6 10. cxd4 Bxd4 11. Nc3 Ng6 12. Ne2 Bb6 13. d4 Qf6 14. Be3 Bg4 {½-½ (41) Blazeka,M (2163)-Rubil,M (2190) Sv Filip i Jakov 2011}) 10. exd5 cxd5 11. Bb5+ Kf8 12. Bg5 f6 13. Bd2 Bg4 14. Qc2 dxc3 ({Black should try} 14... a6 $15 15. Ba4 Rc8) 15. Nxc3 Rc8 16. d4 Bxd4 17. Qa4 Bc5 18. h3 Bf5 19. Rad1 a6 20. Bf1 Qd7 21. Qb3 Qc6 (21... b5 $11 {remains equal.}) 22. Rc1 (22. Be3 $16 Bd6 23. Be2) 22... Qb6 (22... Kf7 $11) 23. Qxb6 Bxb6 {[%emt 0:00:05] [#]} 24. Rxe7 $1 Kxe7 (24... Bxf2+ $16 25. Kxf2 Kxe7) 25. Nxd5+ Kd6 26. Nxb6 Rxc1 27. Bxc1 Re8 28. Be3 Kc6 29. Nc4 Rd8 30. Be2 Be6 31. Na5+ Kc7 32. Bf3 ({Inferior is} 32. Bxh5 Rd5 $15) 32... b6 (32... Bd5 $16 33. Bxh5 Bxa2) 33. Nc6 Rh8 34. a3 Bc4 35. Nd4 g5 36. b3 Bf7 37. Nf5 Bxb3 38. Bd4 Rf8 39. Bxh5 Be6 40. Ne3 a5 41. Be2 Kc6 42. a4 f5 43. Bb5+ Kc7 44. Nc2 Bb3 45. Be5+ Kb7 46. Nd4 Bd5 47. Bd6 Rh8 48. Nxf5 Bc6 49. Be5 Rf8 50. Nd6+ Kc7 51. Ne4+ Kb7 52. Bxc6+ Kxc6 53. Nxg5 Re8 54. f4 b5 55. axb5+ Kxb5 56. Ne4 Kb4 57. Bc3+ $2 (57. h4 a4 58. Kf2) 57... Kb3 $2 (57... Kc4 {is a better defense.} 58. Be5 (58. Bxa5 Rxe4 59. Bc7 Re1+ 60. Kf2 Rh1 $18) 58... Re6) 58. Nf6 $4 (58. Bxa5 $18 {was the only winning move.} Rxe4 59. Bc7) 58... Re6 $4 (58... Kxc3 $19 {and all is fine.} 59. Nxe8 a4) 59. f5 Rc6 (59... Re7 $142 60. Bxa5 Rf7) 60. Bxa5 Rxf6 61. g4 Kc4 62. Bd8 Rf8 63. Be7 Rf7 64. f6 Kd5 65. Kg2 Ke6 66. Kg3 Rh7 {[%emt 0:00:34] [#]} 67. h4 $1 Kf7 68. h5 Rh8 {[%emt 0:00:27] [#]} 69. Kh4 $1 Ra8 {[%emt 0:00:23] [#]} 70. g5 $1 Ra4+ 71. Kg3 1-0

[Event "Satka Autumn 2018"]
[Site "Satka"]
[Date "2018.09.19"]
[Round "9"]
[White "Stroganova, Karina"]
[Black "Skobochkina, Maria"]
[Result "1/2-1/2"]
[ECO "D02"]
[WhiteElo "1711"]
[BlackElo "1294"]
[Annotator "NA RC"]
[PlyCount "101"]
[EventDate "2018.09.11"]
[EventType "swiss"]
[EventCountry "RUS"]
[SourceTitle "playchess.com"]
[Source "ChessBase"]
[SourceQuality "1"]
[TimeControl "40/5400+30:1800+30"]

1. d4 d5 2. Nf3 Nf6 3. Bf4 Bf5 4. e3 c6 5. Nbd2 e6 6. Ne5 Be7 7. h3 Nbd7 8. Ndf3 O-O 9. Nh4 Bg6 10. Nhxg6 hxg6 11. Bd3 Ne4 12. f3 Bh4+ 13. g3 Nxg3 14. Bxg3 Bxg3+ 15. Kd2 Nxe5 16. dxe5 Bxe5 17. c3 Qb6 18. Rb1 c5 19. f4 Bf6 20. h4 Rfd8 21. h5 gxh5 22. Qxh5 Kf8 23. f5 e5 24. Kc2 c4 25. Be2 Qxe3 26. Rbe1 Qe4+ 27. Kc1 Qf4+ 28. Kb1 Qg5 29. Qh3 Qf4 30. Bf3 e4 31. Rhf1 Qd6 32. Rh1 Qb6 33. Bxe4 dxe4 34. Rxe4 g6 35. fxg6 Bg7 36. gxf7 Rd2 37. Re8+ Rxe8 38. fxe8=Q+ Kxe8 39. Qh5+ Kf8 40. Qf5+ Kg8 41. Qc8+ Rd8 42. Qxc4+ Kf8 43. Rf1+ Bf6 44. Qf4 Ke7 45. Qe4+ Kf7 46. Qh7+ Kf8 47. Qh6+ Kf7 48. Qh5+ Kf8 49. Qg6 Ke7 50. Qh7+ Kf8 51. Qh6+ 1/2-1/2

[Event "Satka Autumn 2018"]
[Site "Satka"]
[Date "2018.09.19"]
[Round "9"]
[White "Sosnina, Nadezhda"]
[Black "Kilina, Elizaveta"]
[Result "1-0"]
[ECO "C62"]
[WhiteElo "1659"]
[BlackElo "1226"]
[Annotator "NA RC"]
[PlyCount "106"]
[EventDate "2018.09.11"]
[EventType "swiss"]
[EventCountry "RUS"]
[SourceTitle "playchess.com"]
[Source "ChessBase"]
[SourceQuality "1"]
[TimeControl "40/5400+30:1800+30"]

1. e4 e5 2. Nf3 Nc6 3. Bb5 d6 4. d4 exd4 5. Nxd4 Bd7 6. O-O g6 7. Re1 Bg7 8. c3 Nge7 9. Na3 O-O 10. Bg5 Nxd4 11. cxd4 Bxb5 12. Nxb5 a6 13. Nc3 Qd7 14. Rc1 f6 15. Bh4 g5 16. Bg3 f5 17. exf5 Nxf5 18. Nd5 Rac8 19. Qg4 Qf7 20. Qxf5 Qxf5 21. Ne7+ Kh8 22. Nxf5 Rxf5 23. Re4 Rd5 24. Re6 Bxd4 25. Rxd6 Bxf2+ 26. Kf1 Rxd6 27. Bxd6 Bb6 28. g4 Kg7 29. Kg2 c5 30. Re1 Rc6 31. Bg3 Kf7 32. Re5 Bd8 33. Rd5 Ke8 34. Re5+ Kf7 35. Bf2 b6 36. Rd5 Ke8 37. Be3 h6 38. Re5+ Kf7 39. Rd5 Ke7 40. Kf3 Rd6 41. Re5+ Re6 42. Rd5 Rf6+ 43. Ke2 Bc7 44. h3 Ke6 45. Rd1 Bf4 46. Bf2 Ke7 47. Rd5 Rd6 48. Rd3 Ke6 49. Rb3 Ke5 50. Kf3 c4 51. Rxb6 Rd3+ 52. Kg2 Rd2 53. Kf1 Ke4 1-0

[Event "Satka Autumn 2018"]
[Site "Satka"]
[Date "2018.09.19"]
[Round "9"]
[White "Telelyukhina, Elizaveta"]
[Black "Mirgalina, Anna"]
[Result "1-0"]
[ECO "A04"]
[WhiteElo "1403"]
[BlackElo "1339"]
[Annotator "NA RC"]
[PlyCount "79"]
[EventDate "2018.09.11"]
[EventType "swiss"]
[EventCountry "RUS"]
[SourceTitle "playchess.com"]
[Source "ChessBase"]
[SourceQuality "1"]
[TimeControl "40/5400+30:1800+30"]

1. Nf3 c5 2. c4 Nf6 3. e3 e6 4. b3 Be7 5. Bb2 b6 6. Be2 Bb7 7. O-O O-O 8. d4 d5 9. Nbd2 Nbd7 10. h3 Qc7 11. Rc1 Qd8 12. cxd5 Nxd5 13. Nc4 Rc8 14. dxc5 Bxc5 15. Nd4 N7f6 16. Bf3 Ba8 17. Qe2 Qe7 18. Qe1 Rfd8 19. Be2 Ne4 20. Nc2 Nb4 21. a3 Nxc2 22. Rxc2 b5 23. Nd2 b4 24. a4 Qg5 25. Nf3 Qe7 26. Ne5 Ng3 27. Rxc5 Nxe2+ 28. Qxe2 Qxc5 29. Qg4 Qf8 30. h4 Bd5 31. h5 f6 32. Nf3 Bxb3 33. Nh4 Rd5 34. f4 Qf7 35. f5 exf5 36. Nxf5 Bc2 37. Nh6+ Kf8 38. Nxf7 Rc7 39. Qe6 Bb3 40. Ng5 1-0